 Dungeon Crawl Stone Soup version 0.26-a0-812-g31a745ddcd (webtiles) character file.

Game seed: 17238726191537153150

100 kae the Insei (level 4, -1/23 HPs)
             Began as a Tengu Transmuter on Nov 20, 2020.
             Was an Initiate of Hepliaklqana.
             Shot with an arrow by a centaur (11 damage)
             ... on level 4 of the Dungeon.
             The game lasted 00:01:46 (3394 turns).

kae the Insei (Tengu Transmuter)                    Turns: 3394, Time: 00:01:47

Health: -1/23      AC:  2    Str: 11    XL:     4   Next: 73%
Magic:  5/8        EV: 21    Int: 14    God:    Hepliaklqana [......]
Gold:   123        SH:  0    Dex: 19    Spells: 3/7 levels left

rFire    . . .     SeeInvis .     - Unarmed
rCold    . . .     Faith    .   (shield currently unavailable)
rNeg     . . .     Spirit   .   (armour currently unavailable)
rPois    x         Reflect  .   (helmet currently unavailable)
rElec    .         Harm     .   (cloak currently unavailable)
rCorr    .         Rampage  .   (gloves currently unavailable)
MR       .....                  (boots unavailable)
Stlth    ++........             (no amulet)
HPRegen  0.07/turn              (no ring)
MPRegen  0.11/turn              (no ring)

@: spider-form
A: tiny, reduced essence
a: End Transformation, Recall Ancestor, Ancestor Identity, Renounce Religion


You were on level 4 of the Dungeon.
You worshipped Hepliaklqana.
Hepliaklqana was noncommittal.
You were a venomous arachnid creature.
You visited 1 branch of the dungeon, and saw 4 of its levels.

You collected 123 gold pieces.

Inventory:

Armour
 a - a +0 robe (melded)
 b - a +0 pair of gloves (melded)
 i - a +2 cloak (melded)
Jewellery
 l - an uncursed ring of resist corrosion {unknown}
Scrolls
 e - 3 scrolls of identify
 f - a scroll of noise {unknown}
 g - a scroll of enchant weapon
 m - a scroll of fog {unknown}
Potions
 c - a potion of might
 d - 2 potions of mutation {unknown}
 h - a potion of cancellation
 j - a potion of curing
 k - 2 potions of haste


   Skills:
 + Level 1.8 Fighting
 + Level 2.7 Dodging
 * Level 4.2 Unarmed Combat
 + Level 2.3 Spellcasting
 * Level 2.5 Transmutations


You had 3 spell levels left.
You knew the following spells:

 Your Spells              Type           Power        Failure   Level
a - Beastly Appendage     Tmut           #.....       22%         1
b - Spider Form           Tmut/Pois      #.........   61%         3

Your spell library contained the following spells:

 Spells                   Type           Power        Failure   Level
 Wereblood                Tmut           #.......     28%         2
 Ice Form                 Ice/Tmut       #.......     92%         4
 Blade Hands              Tmut           #.........   98%         5


Dungeon Overview and Level Annotations

Branches:
Dungeon (4/15)
 Temple: D:4-7

Altars:
Hepliaklqana
Nemelex Xobeh


Innate Abilities, Weirdness & Mutations

((You have a beak for a mouth.))
((You have claws for feet.))
Your life essence is reduced to manifest your ancestor. (-10% HP)


Message History

There is a stone staircase leading down here.
You start resting.
HP restored.
Casting: Beastly Appendage (safe; 9% risk of failure)
Confirm with . or Enter, or press ? or * to list all spells.
The spell is extremely dangerous to cast (38% risk of failure)!
Continue anyway? [Y]es or [N]o only, please.
The spell is extremely dangerous to cast (38% risk of failure)!
Continue anyway?
You turn into a venomous arachnid creature.
Your +2 cloak melds into your body.
Your +0 pair of gloves melds into your body.
Your +0 robe melds into your body.
You climb downwards.
The centaur shoots an arrow.
The arrow hits you!
Ouch! That really hurt!
The centaur shoots an arrow.
The arrow closely misses you.
An orc comes into view. It is wielding a +0 dagger.
There is a stone staircase leading up here.
You see here 2 arrows.
The centaur shoots an arrow.
The arrow hits you!
You die...

.#.##....#.
.......o.
#.....c.#
#..#....
#....#.# #
#.#.#.# .#
#.###.....#..#
#...!.(......#
#......(s...##
#.#####(#R###
.....# #######


You could see the friendly Quintus the ancestor, a centaur and an orc.

Vanquished Creatures
  3 adders (D:3)
  2 worms (D:2)
  A leopard gecko (D:3)
  6 orcs (D:3)
  4 giant cockroaches
  3 goblins
  9 hobgoblins
  5 kobolds
  A quokka (D:3)
  2 ball pythons (D:3)
  11 bats
  4 frilled lizards
  5 rats
56 creatures vanquished.

Vanquished Creatures (collateral kills)
  A kobold (D:3)
  A goblin (D:3)
2 creatures vanquished.

Grand Total: 58 creatures vanquished

Notes
Turn   | Place    | Note
-------+----------+-------------------------------------------
     0 | D:1      | kae the Tengu Transmuter began the quest for the Orb.
     0 | D:1      | Reached XP level 1. HP: 12/12 MP: 4/4
   164 | D:1      | Reached XP level 2. HP: 16/16 MP: 4/6
   925 | D:2      | Reached XP level 3. HP: 17/20 MP: 5/7
   930 | D:2      | Learned a level 3 spell: Spider Form
  1093 | D:2      | Found a sparkling altar of Nemelex Xobeh.
  1846 | D:3      | Found a hazy altar of Hepliaklqana.
  1884 | D:3      | Became a worshipper of Hepliaklqana the Forgotten
  2006 | D:3      | Reached XP level 4. HP: 12/23 MP: 3/8
  2262 | D:3      | Reached skill level 4 in Unarmed Combat
  3289 | D:4      | Noticed a centaur
  3394 | D:4      | Shot with an arrow by a centaur

Illustrated notes

Levels and vault maps discovered:
D:1:      saegor_arrival_simple_b, layout_loops_ring, minmay_tromino_v2
D:2:      layout_basic, nemelex_xobeh_ov_fountains_minmay
D:3:      minmay_inner_zag, layout_basic, old_standard_altar
D:4:      layout_loops_ring, elyvilon_altar_5, minmay_misc_feat_ornament

Skill      XL: |  1  2  3  4 |
---------------+-------------+-----
Transmutations | 2 |  2.5
Unarmed Combat | 4 |  4.2
Fighting       | |  1.8
Dodging        | |  2.7
Spellcasting   | |  2.3

Action                   |  1- 3 |  4- 6 || total
-------------------------+-------+-------++-------
Melee: Unarmed           |    95 |    55 ||   150
       Kick              |    14 |    10 ||    24
       Punch             |     2 |     1 ||     3
       Peck              |    12 |     9 ||    21
       Headbutt          |     5 |     1 ||     6
 Cast: Beastly Appendage |    18 |     5 ||    23
       Spider Form       |     2 |     1 ||     3
  Use: Scroll            |     9 |       ||     9
 Stab: Sleeping          |     2 |       ||     2
Armor: Robe              |    18 |    20 ||    38
Dodge: Dodged            |    91 |    33 ||   124

Table legend: (Time is in decaauts)
 A = Elapsed time spent in this place.
 B = Non-inter-level travel time spent in this place.
 C = Inter-level travel time spent in this place.
 D = Time resting spent in this place.
 E = Time spent auto-exploring this place.
 F = Levels seen in this place.
 G = Mean time per level.
                   A        B        C        D        E       F      G
               +--------+--------+--------+--------+--------+-----+--------+
         Total |   3383 |   3316 |     67 |     97 |   2783 |   4 |  845.8 |
       Dungeon |   3383 |   3316 |     67 |     97 |   2783 |   4 |  845.8 |
               +--------+--------+--------+--------+--------+-----+--------+

Top non-repeatable levels by time:
     D:3: 1808 daAuts
     D:1: 795 daAuts
     D:2: 772 daAuts
     D:4: 7 daAuts
